 Dungeon Crawl Stone Soup version 0.30-a0-949-g53dc5368d7 (webtiles) character file.

Game seed: 3832757040602790349

192 Farfigtubin the Chopper (level 5, 0/47 HPs)
             Began as a Hill Orc Fighter on Mar 26, 2023.
             Was an Initiate of Beogh.
             Slain by Pikel
             ... wielding a +2 whip of freezing
              (4 damage)
             ... on level 4 of the Dungeon on Mar 27, 2023.
             The game lasted 00:15:27 (2572 turns).

Farfigtubin the Chopper (Hill Orc Fighter)          Turns: 2572, Time: 00:15:28

Health: 0/47       AC: 12    Str: 27    XL:     5   Next: 71%
Magic:  5/5        EV: 15    Int: 11    God:    Beogh [......]
Gold:   198        SH:  5    Dex: 12    Spells: 4/4 levels left

rFire   . . .      SeeInvis .    y - +10 spear of the Middle {heavy, rPois Int+3}
rCold   . . .      Faith    .    c - +0 buckler
rNeg    . . .      Spirit   .    A - +3 ring mail "Sevaerao" {Dex+2}
rPois   +          Reflect  .    (no helmet)
rElec   .          Rampage  .    x - +0 cloak
rCorr   .                        r - +0 pair of gloves {Stlth+}
Will    .....                    o - +0 pair of boots
Stlth   ++                       n - amulet of the acrobat
HPRegen 0.27/turn                g - +5 ring of evasion
MPRegen 0.09/turn                p - +6 ring of strength

@: no status effects
A: no striking features
a: Renounce Religion


You were on level 4 of the Dungeon.
You worshipped Beogh.
Beogh was noncommittal.
You visited 1 branch of the dungeon, and saw 4 of its levels.

You collected 198 gold pieces.

Inventory:

Hand Weapons
 a - a +0 war axe
 y - the +10 spear of the Middle (weapon) {heavy, rPois Int+3}
   (You found it on level 3 of the Dungeon)

   Int:       It affects your intelligence (+3).
   rPois:     It protects you from poison.
Missiles
 m - 51 stones (quivered)
 s - 9 poisoned darts
 t - 2 boomerangs
Armour
 c - a +0 buckler (worn)
 o - a +0 pair of boots (worn)
 r - a +0 pair of gloves of stealth (worn)
 x - a +0 cloak (worn)
 A - the +3 ring mail "Sevaerao" (worn) {Dex+2}
   (You found it on level 3 of the Dungeon)

   Dex:       It affects your dexterity (+2).
Jewellery
 g - a +5 ring of evasion (left hand)
 l - a ring of protection from cold
 n - an amulet of the acrobat (around neck)
 p - a +6 ring of strength (right hand)
 u - a +6 ring of dexterity
Scrolls
 e - a scroll of vulnerability {unknown}
 f - 2 scrolls of fear {unknown}
 h - a scroll of teleportation {unknown}
 i - 3 scrolls of poison {unknown}
 q - a scroll of torment {unknown}
 v - 4 scrolls of identify {unknown}
Potions
 b - 3 potions of curing {unknown}
 d - a potion of might
 j - 2 potions of haste {unknown}
 k - 2 potions of lignification {unknown}
 w - a potion of magic {unknown}
 z - a potion of resistance {unknown}


   Skills:
 + Level 4.8 Fighting
 - Level 5.4(5.5) Axes
 * Level 1.0(3.0) Polearms
 + Level 3.8 Armour
 - Level 4.0 Shields
 + Level 0.5 Invocations


You had 4 spell levels left.
You didn't know any spells.
Your spell library contained the following spells:

 Spells                   Type           Power      Damage    Failure   Level
 Beastly Appendage        Tmut           0%         N/A       56%         1
 Sandblast                Erth           0%         2d4       56%         1
 Blink                    Tloc           0%         N/A       71%         2
 Lesser Beckoning         Tloc           0%         N/A       71%         2
 Momentum Strike          Conj/Tloc      0%         3d8       71%         2
 Passwall                 Tmut/Erth      0%         N/A       71%         2
 Wereblood                Tmut           0%         N/A       71%         2
 Spider Form              Tmut/Pois      0%         N/A       90%         3
 Stone Arrow              Conj/Erth      0%         3d7       90%         3


Dungeon Overview and Level Annotations

Branches:
Dungeon (4/15)
 Temple: D:4-7

Altars:
Fedhas
Kikubaaqudgha
Xom

Annotations:
D:4 Pikel


Message History

You puncture Pikel!
Pikel is heavily wounded.
You block the lemure's attack. Pikel hits you but does no damage.
The lemure hits you but does no damage. The lemure misses you.
You puncture Pikel!
Pikel is severely wounded.
The lemure hits you but does no damage. Pikel hits you but does no damage.
The lemure hits you. x2
Pikel hits you with a +2 whip of freezing.
Pikel freezes you. The lemure hits you but does no damage.
The lemure completely misses you. The lemure misses you.
You puncture Pikel!
Pikel is almost dead.
The lemure closely misses you. Pikel waves his whip at you.
Pikel hits you but does no damage. The lemure hits you but does no damage.
You block the lemure's attack.
You completely miss Pikel.
Pikel is almost dead.
The lemure misses you.
Pikel hits you with a +2 whip of freezing.
Pikel freezes you. The lemure hits you but does no damage. The lemure hits you.
Pikel hits you with a +2 whip of freezing.
Pikel freezes you. The lemure closely misses you.
You block the lemure's attack. The lemure hits you!
* * * LOW HITPOINT WARNING * * *
You hit Pikel.
Pikel is almost dead.
The lemure hits you.
* * * LOW HITPOINT WARNING * * *
Pikel completely misses you. The lemure hits you but does no damage.
The lemure barely misses you.
You hit Pikel but do no damage.
Pikel is almost dead.
The lemure misses you. You block Pikel's attack. The lemure barely misses you.
The lemure hits you.
* * * LOW HITPOINT WARNING * * *
The lemure closely misses you.
Pikel hits you with a +2 whip of freezing.
You die...

######..........
........._........
.....
#####....8_.......
..... ##
#...._.......#......
.#
##.#..........#..<...
.#
#..##.........#......
.#
#............S5...##
.#
##..........55KS...#
.#
#.##.......5@###...
.# #.##............#
.#
#.###.......###...#
.# #.# #......## #...
#.# #.#...## #.
#.##..#...#
#.#........#
....######.# .... ..


You could see Pikel, 4 lemures, an adder and a ball python.

Vanquished Creatures
  A jelly (D:4)
  An orc wizard (D:3)
  5 adders
  A worm (D:2)
  A dart slug (D:2)
  12 orcs (D:3)
  4 endoplasms
  A giant cockroach (D:2)
  4 goblins
  8 hobgoblins
  2 jackals (D:2)
  5 quokkas
  8 ball pythons
  7 bats
  6 frilled lizards
  9 kobolds
  6 rats
81 creatures vanquished.

Vanquished Creatures (others)
  An endoplasm (D:3)
  A fungus (D:3)
  3 plants (D:3)
  A withered plant (D:3)
6 creatures vanquished.

Grand Total: 87 creatures vanquished

Notes
Turn   | Place    | Note
-------+----------+-------------------------------------------
     0 | D:1      | Farfigtubin the Hill Orc Fighter began the quest for the
                  | Orb.
     0 | D:1      | Reached XP level 1. HP: 19/19 MP: 1/1
    44 | D:1      | Reached skill level 3 in Axes
    72 | D:1      | Reached XP level 2. HP: 26/27 MP: 2/2
   731 | D:2      | Reached XP level 3. HP: 32/33 MP: 3/3
   874 | D:2      | Reached skill level 4 in Axes
  1035 | D:2      | Reached XP level 4. HP: 40/40 MP: 4/4
  1769 | D:3      | Found a faded altar of an unknown god.
  1838 | D:3      | Became a worshipper of Beogh the Brigand
  1855 | D:3      | Reached skill level 5 in Axes
  2004 | D:3      | Reached XP level 5. HP: 47/47 MP: 5/5
  2189 | D:3      | Identified the +10 spear of the Middle {heavy, rPois Int+3}
  2243 | D:3      | Identified the +3 ring mail "Sevaerao" {Dex+2}
  2490 | D:4      | Upgraded the game from 0.30-a0-948-g4fa250aae5 to
                  | 0.30-a0-949-g53dc5368d7
  2504 | D:4      | Reached skill level 1 in Polearms
  2534 | D:4      | Found a shimmering altar of Xom.
  2534 | D:4      | Found an ancient bone altar of Kikubaaqudgha.
  2535 | D:4      | Found a blossoming altar of Fedhas.
  2558 | D:4      | Noticed Pikel
  2559 | D:4      | Noticed a lemure
  2559 | D:4      | Noticed a lemure
  2559 | D:4      | Noticed a lemure
  2560 | D:4      | Noticed a lemure
  2572 | D:4      | Slain by Pikel

Illustrated notes

Levels and vault maps discovered:
D:1:      onia_arrival_handbag, layout_loops_ring
D:2:      minmay_general_purpose_star, layout_basic, kennysheep_pointless_box,
          minmay_tromino_v7
D:3:      minmay_spotlight, layout_loops_ring, shapermc_ecumenical_altar_gd,
          grunt_ministairs_2
D:4:      layout_rooms, nicolae_hepliaklqana_monster_ancestors,
          chequers_temple_overflow_statue_of_worship, st_stairs_12, uniq_pikel

Skill      XL: |  1  2  3  4  5 |
---------------+----------------+-----
Axes           | 3 4 5 |  5.4
Fighting       | 4 |  4.8
Shields        | 4 |  4.0
Polearms       | 1 |  1.0
Armour         | |  3.8
Invocations    | |  0.5

Action                     |  1- 3 |  4- 6 || total
---------------------------+-------+-------++-------
  Melee: War axe           |   102 |   124 ||   226
         Spear             |       |    18 ||    18
 Invoke: Convert to Beogh  |       |     1 ||     1
   Stab: Sleeping          |       |     1 ||     1
 Armour: Scale mail        |    29 |     5 ||    34
         Chain mail        |       |    37 ||    37
         Ring mail         |       |    11 ||    11
  Dodge: Dodged            |    65 |    81 ||   146
  Block: Buckler           |    23 |    27 ||    50

Table legend: (Time is in decaauts)
 A = Elapsed time spent in this place.
 B = Non-inter-level travel time spent in this place.
 C = Inter-level travel time spent in this place.
 D = Time resting spent in this place.
 E = Time spent auto-exploring this place.
 F = Levels seen in this place.
 G = Mean time per level.
                   A        B        C        D        E       F      G
               +--------+--------+--------+--------+--------+-----+--------+
         Total |   2651 |   2580 |     71 |     60 |   1502 |   4 |  662.8 |
       Dungeon |   2651 |   2580 |     71 |     60 |   1502 |   4 |  662.8 |
               +--------+--------+--------+--------+--------+-----+--------+

Top non-repeatable levels by time:
     D:2: 939 daAuts
     D:3: 874 daAuts
     D:1: 746 daAuts
     D:4: 90 daAuts
